 Dungeon Crawl Stone Soup version 0.27.1 (webtiles) character file.

Game seed: 9841162809071425458

95 Destapler the Grave Robber (level 4, -4/36 HPs)
             Began as a Deep Dwarf Necromancer on Aug 28, 2021.
             Slain by Crazy Yiuf (11 damage)
             ... on level 2 of the Dungeon.
             The game lasted 00:07:07 (2100 turns).

Destapler the Grave Robber (Deep Dwarf Necromancer) Turns: 2100, Time: 00:07:08

Health: -4/36      AC:  2    Str: 12    XL:     4   Next: 40%
Magic:  0/7        EV: 12    Int: 16    God:
Gold:   175        SH:  0    Dex: 13    Spells: 4/8 levels left

rFire    . . .     SeeInvis .   e - +0 hand axe
rCold    . . .     Faith    .   (no shield)
rNeg     . . .     Spirit   .   a - +0 robe
rPois    .         Reflect  .   (no helmet)
rElec    .         Harm     .   (no cloak)
rCorr    .         Rampage  .   (no gloves)
Will     .....                  (no boots)
Stlth    ++........             (no amulet)
HPRegen  0.00/turn              (no ring)
MPRegen  0.10/turn              (no ring)

@: lethally poisoned (-4 -> -4)
A: damage resistance, heal wounds, sense surroundings 1, no regeneration
a: Heal Wounds


You were on level 2 of the Dungeon.
You visited 1 branch of the dungeon, and saw 2 of its levels.

You collected 175 gold pieces.

Inventory:

Hand Weapons
 e - a +0 hand axe (weapon)
Missiles
 b - 14 poisoned darts
 m - 2 boomerangs
Armour
 a - a +0 robe (worn)
Scrolls
 c - a scroll of vulnerability {unknown}
 d - a scroll of amnesia {unknown}
 f - a scroll of enchant weapon {unknown}
 g - a scroll of holy word {unknown}
 k - a scroll of teleportation {unknown}
 l - a scroll of acquirement {unknown}
Potions
 h - a potion of lignification {unknown}
 i - a potion of might {unknown}
 j - a potion of brilliance {unknown}


   Skills:
 + Level 0.0 Fighting
 + Level 0.3 Axes
 + Level 0.1 Armour
 + Level 2.2 Dodging
 + Level 2.5 Stealth
 + Level 2.6 Spellcasting
 + Level 5.8 Necromancy


You had 4 spell levels left.
You knew the following spells:

 Your Spells              Type           Power      Damage    Failure   Level
a - Pain                  Necr           80%        1d8       1%          1
b - Vampiric Draining     Necr           10%        2d7       5%          3

Your spell library contained the following spells:

 Spells                   Type           Power      Damage    Failure   Level
 Animate Skeleton         Necr           40%        N/A       1%          1
 Animate Dead             Necr           10%        N/A       19%         4
 Agony                    Necr           20%        N/A       45%         5


Dungeon Overview and Level Annotations

Branches:
Dungeon (2/15)

Altars:

Shops:
D:2 *

Annotations:
D:2 Crazy Yiuf


Innate Abilities, Weirdness & Mutations

You are resistant to damage.
You can heal yourself by infusing magical energy.
You passively map a small area around you.
You do not regenerate.


Message History

The goblin writhes in agony.
The goblin barely resists.
The goblin writhes in agony!
You kill the goblin!
You see here a +0 club.
As you open the door, it creaks loudly!
There is an open door here.
A rat comes into view.
The rat writhes in agony.
You kill the rat!
Found 16 gold pieces.
You now have 175 gold pieces (gained 16).
Found a stone staircase leading down.
You open the door.
Found 2 boomerangs.
m - 2 boomerangs
Found a mace.
Found a runed translucent door.
You open the door.
There is an open translucent door here.
Crazy Yiuf shouts!
Crazy Yiuf writhes in agony!
Crazy Yiuf laughs, "East blue fast!"
Crazy Yiuf hits you with a +3 quarterstaff of chaos!
You feel your power leaking away.
Crazy Yiuf writhes in agony.
Crazy Yiuf hits you with a +3 quarterstaff of chaos!
You are poisoned.
You hit Crazy Yiuf.
Crazy Yiuf is almost dead.
Crazy Yiuf hits you with a +3 quarterstaff of chaos!
* * * LOW HITPOINT WARNING * * *
You hit Crazy Yiuf.
Crazy Yiuf is almost dead.
Crazy Yiuf hits you with a +3 quarterstaff of chaos.
* * * LOW HITPOINT WARNING * * *
Crazy Yiuf draws strength from your wounds!
You hit Crazy Yiuf.
Crazy Yiuf is almost dead.
Crazy Yiuf hits you with a +3 quarterstaff of chaos!
You die...

..#..........# #...+......#.###
..'>.........#####.###...##.#.###
.†#..........#.....# ######.#....
..#...############## #......#....
..#...# #......#....
..#...##♣♣♣♣♣ #......#....
..#.....P.♣.♣♣♣##### #...........
.........P.♣..♣#...# #.####....(.
...#+.....♣♣♣♣.'@g.# #...##......
...#.....♣♣ ♣♣#..)# #...####....
###...##♣♣ ##### #...# #.... #
#...# #...# #.... ###...# #.####
#.... ....).################....#
#####
..........#....#......###.#######
..........#.........###.....##...
...########.....##........#.##...


You could see Crazy Yiuf.

Vanquished Creatures
  Jessica (D:2)
  A worm (D:2)
  3 dart slugs (D:1)
  8 bats
  6 endoplasms
  2 giant cockroaches (D:2)
  5 goblins
  8 hobgoblins
  3 jackals (D:2)
  3 kobolds
  2 quokkas
  2 ball pythons
  3 frilled lizards
  8 rats
55 creatures vanquished.

Notes
Turn   | Place    | Note
-------+----------+-------------------------------------------
     0 | D:1      | Destapler the Deep Dwarf Necromancer began the quest for
                  | the Orb.
     0 | D:1      | Reached XP level 1. HP: 15/15 MP: 3/3
   249 | D:1      | Reached XP level 2. HP: 22/22 MP: 1/5
   410 | D:1      | Reached skill level 5 in Necromancy
   801 | D:1      | Reached XP level 3. HP: 17/28 MP: 4/6
   806 | D:1      | Learned a level 3 spell: Vampiric Draining
  1206 | D:2      | Found Omibon's General Store.
  1264 | D:2      | Noticed Jessica
  1276 | D:2      | Killed Jessica
  1277 | D:2      | Reached XP level 4. HP: 33/36 MP: 0/7
  2089 | D:2      | Found a runed translucent door.
  2090 | D:2      | Noticed Crazy Yiuf
  2100 | D:2      | Slain by Crazy Yiuf

Illustrated notes

Levels and vault maps discovered:
D:1:      minmay_arrival_nine_rooms, layout_basic, minmay_pentomino_q4
D:2:      layout_basic, serial_shops, nicolae_shop_waterfront,
          hangedman_glass_teeth, uniq_jessica, uniq_crazy_yiuf_cottage

Skill      XL: |  1  2 |
---------------+-------+-----
Spellcasting   | 2 |  2.6
Necromancy     | 5 |  5.8
Axes           | |  0.3
Armour         | |  0.1
Dodging        | |  2.2
Stealth        | |  2.5

Action                   |  1- 3 |  4- 6 || total
-------------------------+-------+-------++-------
Melee: Unarmed           |    49 |       ||    49
       Short sword       |    14 |    18 ||    32
       Hand axe          |       |    14 ||    14
 Cast: Pain              |    48 |    25 ||    73
       Vampiric Draining |     5 |     5 ||    10
 Abil: Heal Wounds       |     1 |       ||     1
 Stab: Sleeping          |       |     1 ||     1
Armor: Robe              |    30 |    14 ||    44
Dodge: Dodged            |    77 |    28 ||   105
